Map: Triton LE

Players

Maru - Winner!

  • Race: Terran Terran
  • Spawn Location: 5:00

TIME (Oliveira)

  • Race: Terran Terran
  • Spawn Location: 11:00

Event: 2019 WCS Global FInals

VOD

Have the link to the VOD?

Description

Time

  • Played on: Oct. 24, 2019, 11:35 p.m.
  • Length: 14:59

All games in this series

Show
View Real Time Build Order
Export as new Build Order

Maru Terran - Winner!

Build Orders:  

Get SALT Encoding   

  12  0:00  SCV  
  13  0:12  SCV  
  14  0:16  Supply Depot  
  14  0:25  Refinery  
  14  0:27  SCV  
  15  0:39  SCV  
  16  0:43  Barracks  
  16  0:51  SCV  
  16  0:55  Refinery  
  17  1:03  SCV  
  18  1:15  SCV  
  19  1:30  Reaper, Orbital Command  
  20  1:38  Factory  
  20  1:50  Supply Depot  
  20  1:57  SCV  
  21  2:02  Reaper  
  22  2:09  SCV  
  22  2:21  Hellion, SCV  
  25  2:32  Command Center  
  25  2:34  SCV  
  26  2:42  Starport  
  26  2:47  SCV  
  26  2:48  Factory Tech Lab  
  27  2:51  Barracks Reactor  
  27  2:56  Supply Depot  
  27  2:59  SCV  
  28  3:08  Cyclone  
  31  3:18  SCV  
  32  3:28  Marine x2  
  32  3:29  Refinery  
  32  3:30  SCV  
  35  3:42  SCV  
  35  3:43  Raven  
  35  3:44  Orbital Command  
  35  3:48  Factory Tech Lab  
  38  3:49  Marine x2  
  38  3:55  SCV  
  41  4:07  SCV  
  41  4:09  SCV  
  43  4:17  Command Center  
  43  4:19  SCV  
  43  4:21  SCV  
  45  4:26  Raven  
  45  4:29  Supply Depot  
  45  4:31  SCV  
  48  4:35  Siege Tank  
  48  4:36  SCV  
  52  4:39  Marine  
  52  4:40  Marine  
  54  4:46  Supply Depot  
  54  4:50  SCV x2  
  56  5:02  SCV  
  56  5:03  SCV  
  56  5:06  Barracks  
  58  5:07  Barracks  
  58  5:08  Siege Tank  
  61  5:14  Stimpack  
  61  5:15  Marine, SCV x2  
  61  5:16  Starport Reactor  
  64  5:27  SCV x2  
  66  5:29  Engineering Bay  
  66  5:30  Engineering Bay  
  66  5:33  Orbital Command  
  66  5:37  Marine  
  66  5:40  Siege Tank  
  66  5:41  SCV  
  71  5:43  SCV  
  71  5:45  Refinery  
  72  5:53  SCV  
  72  5:54  Supply Depot  
  73  5:58  Terran Infantry Weapons Level 1, Terran Infantry Armor Level 1  
  73  6:00  Starport Reactor  
  73  6:06  Marine x2  
  73  6:07  Marine x2  
  73  6:08  SCV x2  
  79  6:12  Supply Depot, Orbital Command  
  78  6:20  SCV x2  
  80  6:28  Marine x5  
  80  6:31  Supply Depot  
  86  6:32  SCV x2  
  86  6:35  Medivac  
  86  6:36  Medivac  
  86  6:38  SCV  
  91  6:44  SCV  
  91  6:45  SCV  
  91  6:46  Marine x2  
  95  6:47  Marine x2  
  95  6:48  Siege Tank, Marine  
  95  6:50  SCV  
  100  6:57  Combat Shield, SCV x2  
  100  7:00  Supply Depot  
  102  7:02  SCV  
  102  7:05  Sensor Tower  
  103  7:09  SCV x2  
  103  7:11  Marine x2  
  103  7:12  Marine  
  103  7:15  SCV  
  109  7:16  Barracks  
  109  7:17  Barracks  
  109  7:21  Medivac, Siege Tank, SCV x2  
  115  7:25  Supply Depot  
  115  7:27  SCV  
  116  7:33  SCV x2  
  116  7:36  Marine x2  
  108  7:37  Marine x3  
  108  7:39  SCV  
  111  7:45  Supply Depot, SCV x2  
  111  7:46  Supply Depot  
  111  7:47  Armory, Medivac  
  116  7:51  Medivac, SCV, Refinery  
  116  7:53  Refinery  
  116  7:54  Marine x2  
  116  7:55  Marine x2  
  116  7:57  SCV  
  123  8:01  Marine  
  123  8:04  SCV  
  125  8:07  SCV  
  125  8:08  Supply Depot x2  
  125  8:09  Barracks Reactor x2  
  125  8:10  SCV  
  127  8:13  Marine x2  
  127  8:15  Siege Tank  
  127  8:19  Marine x3  
  134  8:20  Supply Depot  
  135  8:28  Viking x2  
  135  8:31  Marine x2  
  141  8:35  Command Center  
  141  8:37  Marine  
  141  8:40  Terran Infantry Weapons Level 2  
  142  8:44  Terran Infantry Armor Level 2  
  142  8:49  Siege Tank  
  142  8:52  Supply Depot  
  145  8:55  Terran Vehicle Weapons Level 1  
  145  8:56  Marine x2, Factory  
  145  8:58  Marine x2  
  145  9:01  Barracks Reactor  
  145  9:02  Viking  
  151  9:05  Viking  
  151  9:09  Marine x4  
  157  9:14  Marine x2  
  157  9:16  Marine  
  160  9:19  Supply Depot  
  160  9:21  Marine  
  161  9:26  Marine  
  161  9:27  Marine x3  
  161  9:30  Supply Depot, SCV x3  
  168  9:31  Marine  
  168  9:33  Marine  
  168  9:36  Viking  
  172  9:39  Supply Depot  
  172  9:40  Viking  
  172  9:42  SCV  
  172  9:45  Marine  
  176  9:57  Marine x4  
  180  10:00  Starport  
  180  10:06  Viking  
  182  10:10  Viking  
  182  10:13  Marine  
  182  10:14  Sensor Tower  
  185  10:16  Planetary Fortress  
  185  10:17  Starport  
  185  10:18  Starport  
  185  10:25  Missile Turret  
  183  10:32  Marine  
  180  10:36  Viking  
  180  10:37  Marine  
  180  10:38  Marine x4  
  180  10:39  Siege Tank x2  
  180  10:40  Viking  
  189  10:45  Marine x4  
  193  10:50  Starport Reactor, Marine  
  193  10:56  Starport Tech Lab, Refinery, Starport Reactor  
  193  10:57  Refinery  
  194  10:59  Marine x3  
  194  11:00  Marine x2  
  194  11:03  Marine  
  194  11:04  Terran Infantry Weapons Level 3, Terran Infantry Armor Level 3  
  195  11:34  Terran Vehicle And Ship Armor Level 1  
  195  11:36  Fusion Core  
  195  11:37  Liberator x2  
  195  11:38  Liberator  
  189  11:42  Marine  
  189  11:44  Marine  
  189  11:45  Marine x3  
  191  11:48  Fusion Core, Marine  
  188  11:54  Viking x3  
  188  12:00  Command Center  
  190  12:09  Viking  
  192  12:24  Viking x2  
  196  12:41  Command Center  
  196  12:43  Advanced Ballistics  
  196  12:49  Liberator  
  196  12:58  Viking x2  
  196  13:03  Marine x2  
  178  13:06  Viking x3  
  178  13:07  Marine  
  178  13:08  Marine x5  
  178  13:09  Siege Tank  
  176  13:12  Marine  
  176  13:15  Siege Tank  
  176  13:18  Orbital Command, Command Center  
  176  13:19  Command Center x2  
  180  13:25  Marine x3  
  182  13:30  Liberator x4  
  182  13:31  Marine x7  
  189  13:36  Command Center  
  189  13:40  Liberator  
  184  13:44  Marine  
  184  13:47  Viking  
  196  14:08  Siege Tank  
  196  14:09  Orbital Command  
  199  14:11  Orbital Command x2  
  199  14:15  Orbital Command  
  198  14:27  Marine x4  
  198  14:28  Marine  
Show
View Real Time Build Order
Export as new Build Order

TIME Terran 

Build Orders:  

Get SALT Encoding   

  12  0:00  SCV  
  13  0:12  SCV  
  14  0:17  Supply Depot  
  14  0:24  SCV  
  15  0:39  SCV  
  15  0:41  Barracks  
  16  0:44  Refinery  
  16  0:51  SCV  
  17  1:00  Barracks  
  17  1:03  SCV  
  18  1:15  SCV  
  19  1:28  Reaper, Orbital Command  
  20  1:33  Supply Depot  
  20  1:47  Reaper  
  20  1:54  SCV  
  22  2:04  Reaper  
  23  2:11  Command Center  
  23  2:14  SCV  
  24  2:21  Marine  
  25  2:22  Refinery  
  25  2:26  SCV  
  26  2:30  Bunker  
  26  2:38  Marine, SCV  
  28  2:45  Factory  
  28  2:50  SCV  
  29  2:59  Barracks Reactor  
  29  3:02  SCV  
  30  3:14  SCV  
  31  3:23  Orbital Command  
  31  3:24  Refinery  
  32  3:27  SCV  
  32  3:28  Factory Tech Lab, Starport  
  32  3:36  Marine x2  
  32  3:39  SCV  
  35  3:49  SCV  
  35  3:51  Cyclone, SCV  
  35  3:52  Barracks Tech Lab  
  42  3:58  Supply Depot  
  42  4:01  SCV  
  41  4:08  Command Center  
  41  4:14  SCV  
  41  4:15  Raven  
  45  4:17  SCV  
  45  4:20  Marine x2  
  47  4:27  Supply Depot  
  47  4:29  Siege Tank  
  50  4:32  Barracks Tech Lab  
  50  4:33  SCV  
  50  4:34  SCV  
  52  4:44  Marine x2  
  54  4:49  SCV x2  
  54  4:50  Supply Depot  
  54  4:51  Stimpack  
  54  4:52  Marine  
  57  5:01  SCV  
  57  5:02  SCV  
  57  5:03  Barracks  
  59  5:07  Siege Tank  
  59  5:11  Marine  
  59  5:12  Starport Reactor  
  59  5:14  SCV x2  
  64  5:16  Marine  
  64  5:18  Marine  
  64  5:20  Orbital Command  
  67  5:26  SCV  
  68  5:29  Marine, SCV  
  68  5:31  Supply Depot  
  68  5:34  Marine  
  71  5:39  Siege Tank  
  71  5:41  Engineering Bay  
  74  5:42  Engineering Bay  
  74  5:43  Marine  
  74  5:45  SCV  
  74  5:49  SCV  
  77  5:50  Marine  
  77  5:54  Orbital Command  
  78  5:57  SCV  
  78  5:58  Marine  
  78  6:00  Starport Reactor  
  78  6:01  Marine  
  78  6:02  Marine, Refinery  
  82  6:05  Marine  
  82  6:06  SCV  
  82  6:09  Terran Infantry Weapons Level 1, Terran Infantry Armor Level 1  
  87  6:11  Siege Tank  
  87  6:12  Marine  
  87  6:13  Supply Depot  
  88  6:18  SCV  
  88  6:19  SCV  
  88  6:20  SCV  
  88  6:21  Marine  
  88  6:22  Marine  
  93  6:29  Supply Depot  
  93  6:30  Supply Depot  
  93  6:34  Marine  
  93  6:35  Marine x2, SCV  
  93  6:36  Medivac x2, Supply Depot  
  101  6:42  Supply Depot  
  101  6:48  Combat Shield  
  101  6:50  SCV  
  101  6:51  Siege Tank, Marine, SCV  
  101  6:54  Marine  
  105  6:55  SCV  
  105  6:56  Marine  
  105  6:57  Marine  
  105  6:58  Marine  
  108  7:02  SCV  
  108  7:03  Supply Depot, SCV  
  108  7:07  Medivac  
  112  7:09  Marine  
  112  7:11  Medivac, Marine, SCV  
  112  7:14  Marine x2  
  119  7:19  Marine  
  119  7:21  Barracks, SCV x2  
  119  7:22  Barracks  
  122  7:25  Siege Tank  
  122  7:27  Marine  
  126  7:36  Marine  
  107  7:38  Marine  
  107  7:39  SCV  
  107  7:40  Marine  
  107  7:42  Marine  
  107  7:43  Viking  
  107  7:44  Viking  
  108  7:45  Marine  
  108  7:47  SCV  
  108  7:49  SCV  
  111  7:52  SCV  
  111  7:53  Marine  
  111  7:56  Marine  
  114  7:58  Marine  
  114  7:59  SCV  
  114  8:00  Armory, Marine  
  114  8:01  Siege Tank, Refinery, SCV  
  114  8:02  Marine, Refinery  
  119  8:10  Barracks Reactor x2  
  119  8:11  Marine, SCV  
  119  8:12  SCV  
  122  8:13  Marine  
  122  8:16  Marine  
  122  8:18  Marine  
  125  8:20  Marine  
  125  8:21  Viking x2  
  125  8:23  SCV  
  131  8:30  Command Center  
  131  8:31  Marine  
  132  8:35  Marine x2  
  134  8:42  Marine x2  
  134  8:43  Siege Tank  
  134  8:45  Sensor Tower  
  139  8:51  Terran Infantry Weapons Level 2  
  139  8:53  Marine  
  139  8:55  Supply Depot, SCV  
  141  8:56  Supply Depot  
  141  9:02  Marine x6  
  141  9:03  SCV x2  
  141  9:07  Supply Depot  
  149  9:12  Terran Infantry Armor Level 2  
  149  9:13  Factory  
  149  9:16  Viking x2, Marine x3  
  156  9:20  Supply Depot  
  156  9:21  Supply Depot  
  156  9:27  Siege Tank, Marine x2  
  156  9:28  Marine  
  162  9:32  Marine x2  
  162  9:34  Marine  
  162  9:35  Marine  
  166  9:39  Marine, Missile Turret  
  166  9:41  Marine  
  167  9:45  Marine  
  167  9:46  SCV  
  167  9:47  Marine  
  167  9:50  Marine  
  171  9:55  Viking, Marine x3  
  171  9:56  Viking  
  171  9:59  Factory Tech Lab  
  178  10:00  Marine  
  178  10:01  Missile Turret  
  178  10:02  SCV  
  178  10:05  Marine  
  178  10:06  Marine  
  182  10:09  Siege Tank, Marine x2  
  182  10:12  Marine x2  
  189  10:18  Siege Tank  
  189  10:19  Marine  
  193  10:24  Marine x2  
  193  10:32  Marine  
  193  10:33  Marine  
  188  10:36  Marine  
  188  10:38  Marine x2  
  188  10:40  Marine x2  
  188  10:41  Siege Tank  
  185  10:43  Terran Vehicle Weapons Level 1  
  185  10:45  Planetary Fortress  
  185  10:47  Marine  
  185  10:49  Liberator x2, Missile Turret  
  186  10:50  Siege Tank, Marine x2  
  186  10:53  Marine  
  192  11:01  Command Center  
  192  11:02  Refinery x2  
  192  11:04  Marine  
  192  11:11  Marine  
  199  11:13  Terran Infantry Weapons Level 3  
  199  11:17  Marine  
  200  11:23  Marine  
  191  11:35  Marine  
  191  11:36  Siege Tank, Marine x2  
  191  11:38  Siege Tank, Marine  
  191  11:40  Terran Infantry Armor Level 3  
  191  11:41  Marine  
  188  11:47  Marine  
  188  11:49  Marine x2  
  188  11:52  Marine  
  188  11:54  Viking  
  181  11:56  Marine x2  
  181  12:00  Marine  
  174  12:02  Marine x2  
  174  12:04  Medivac  
  174  12:05  Marine  
  174  12:08  Siege Tank  
  177  12:11  Fusion Core, Marine x2  
  177  12:12  Siege Tank, Starport x2  
  177  12:13  Marine  
  183  12:21  Marine  
  184  12:23  Marine  
  184  12:24  Marine  
  184  12:29  Marine x3  
  189  12:31  Sensor Tower, Marine  
  189  12:36  Medivac  
  189  12:37  Medivac  
  194  12:38  Marine  
  194  12:39  Planetary Fortress  
  194  12:40  Siege Tank  
  198  12:49  Armory  
  198  12:50  Terran Ship Weapons Level 1  
  197  12:52  Marine  
  198  12:58  Marine  
  198  13:02  Marine  
  175  13:12  Marine x4  
  128  13:14  Marine x2  
  128  13:15  Viking x2  
  128  13:17  Starport Reactor, Starport Tech Lab  
  128  13:20  Marine x2  
  128  13:21  Siege Tank  
  128  13:24  Marine  
  133  13:27  SCV x2  
  133  13:29  Marine x2  
  133  13:30  Marine x2  
  139  13:36  Marine x2  
  139  13:37  Marine  
  139  13:39  Marine  
  129  13:41  Marine  
  129  13:46  Medivac x2, Raven  
  129  13:47  Marine x3  
  129  13:48  Marine  
  140  13:53  Siege Tank  
  140  13:54  Marine x2  
  145  13:55  Marine  
  145  13:56  Marine, Orbital Command  
  145  13:59  Supply Depot x2, Marine  
  148  14:05  Marine x4  
  152  14:11  Marine  
  152  14:12  Viking, Marine  
  156  14:19  Marine  
  156  14:20  Viking, Marine  
  156  14:21  Marine  
  158  14:25  Marine  
  158  14:27  Marine  
  158  14:29  Medivac x2, Marine x2  
  161  14:36  Marine x2  
  163  14:38  Supply Depot, Marine x2  
Tags
 
Add a new tag
Caveats
  • Supply blocks, unpowered buildings, or Contaminate may cause inaccurate times.
  • Supply counts are checked every 10 seconds.